 Dungeon Crawl Stone Soup version bcrawl-1.36 (webtiles) character file.

Game seed: 17809554372449986533

154119 Newguy the Grave Robber (level 3, -2/19 HPs)
             Began as a Skeleton Necromancer on May 27, 2022.
             Slain by a gnoll
             ... wielding a +0 club
              (6 damage)
             ... on level 2 of the Dungeon.
             The game lasted 00:03:45 (1122 turns).

Newguy the Grave Robber (Skeleton Necromancer)      Turns: 1122, Time: 00:03:45

Health: -2/19      AC:  3    Str: 14    XL:     3   Next: 96%
Magic:  0/8        EV: 12    Int: 14    God:
Gold:   30         SH:  0    Dex:  9    Spells: 4/9 levels left

rFire    . . .     SeeInvis .   a - +1 dagger
rCold    + . .     Gourm    .   (no shield)
rNeg     + + +     Faith    .   f - +0 leather armour
rPois    ∞         Spirit   +   (no helmet)
rElec    .         Reflect  .   (no cloak)
rCorr    .                      (no gloves)
MR       .....                  (no boots)
Stlth    ++........             (no amulet)
HPRegen  0.06/turn              (no ring)
MPRegen  0.11/turn              (no ring)

@: no status effects
A: no food or potions, cold resistance 1, deterioration 1, negative energy
resistance 3, torment resistance, unbreathing, magic shield, sturdy frame 1,
spell healing
a: no special abilities


You were on level 2 of the Dungeon.
You were not hungry.

You visited 1 branch of the dungeon, and saw 2 of its levels.

You collected 30 gold pieces.

Inventory:

Hand Weapons
 a - a +1 dagger (weapon)
Armour
 f - a +0 leather armour (worn)
Scrolls
 b - a scroll of amnesia {unknown}
 c - a scroll of remove curse {unknown}
 d - 2 scrolls of enchant armour {unknown}
 e - a scroll of magic mapping {unknown}
 i - 5 scrolls of identify


   Skills:
 * Level 0.3 Fighting
 + Level 0.2 Short Blades
 * Level 0.4 Armour
 + Level 2.2 Dodging
 + Level 2.7 Stealth
 * Level 3.9 Spellcasting
 + Level 5.3 Necromancy


You had 4 spell levels left.
You knew the following spells:

 Your Spells              Type           Power        Failure   Level  Hunger
a - Pain                  Necr           ###...       2%          1    N/A
b - Animate Skeleton      Necr           N/A          2%          1    N/A
c - Vampiric Draining     Necr           ###.......   7%          3    N/A

Your spell library contained the following spells:

 Spells                   Type           Power        Failure   Level  Hunger
 Agony                    Necr           ###.....     22%         4    N/A
 Animate Dead             Necr           N/A          22%         4    N/A
 Dispel Undead            Necr           ###.....     54%         5    N/A

Dungeon Overview and Level Annotations

Branches:
Dungeon (2/12)

Altars:


Innate Abilities, Weirdness & Mutations

You do not eat or drink.
You are immune to poison.
Your flesh is cold resistant. (rC+)
Your body sometimes deteriorates upon taking damage.
You are immune to negative energy. (rN+++)
You are immune to unholy pain and torment.
You can survive without breathing.
When hurt, damage is shared between your health and your magic reserves.
Your movements are slightly less encumbered by armour. (ER -2)
Casting spells heals you.


Message History

Aim: a gnoll, wielding a +0 whip (heavily wounded, chance to defeat MR: 81%)
The gnoll writhes in agony!
You kill the gnoll!
The gnoll hits you with a +0 whip.
You closely miss the gnoll. The gnoll barely misses you.
You hit the gnoll.
The gnoll is heavily wounded.
The gnoll hits you with a +0 club. The gnoll hits you with a +0 whip.
You hit the gnoll.
The gnoll is almost dead.
The gnoll hits you but does no damage. x2
You barely miss the gnoll.
The gnoll is almost dead.
The gnoll hits you with a +0 club!
* * * LOW HITPOINT WARNING * * *
The gnoll closely misses you.
You closely miss the gnoll.
The gnoll is almost dead.
The gnoll hits you with a +0 club.
You die...

#.. #..# ##+## ...
##...## #.### ##.....##
#.#.## ##.......## #
#....####...g.....###...#
#.......'..@g....)')....#
#....####.........###....
#)#.## ##.(.....## #
#.### ##.....## #...#
##...## ###.# ##+##
####.#### #.......#
#.##.##.#####..


You could see 2 gnolls.

Vanquished Creatures
  3 gnolls
  A dart slug (D:1)
  3 leopard geckos (D:1)
  3 bats (D:1)
  3 goblins (D:1)
  6 hobgoblins
  2 ball pythons
  A frilled lizard (D:1)
  4 kobolds
  6 rats
32 creatures vanquished.

Vanquished Creatures (collateral kills)
  A kobold (D:1)
1 creature vanquished.

Grand Total: 33 creatures vanquished

Notes
Turn   | Place    | Note
-------+----------+-------------------------------------------
     0 | D:1      | Newguy the Skeleton Necromancer began the quest for the
                  | Orb.
     0 | D:1      | Reached XP level 1. HP: 10/10 MP: 4/4
   233 | D:1      | Reached XP level 2. HP: 14/15 MP: 1/6
   703 | D:1      | Reached XP level 3. HP: 9/19 MP: 0/7
   837 | D:1      | Reached skill level 5 in Necromancy
  1076 | D:2      | Learned a level 3 spell: Vampiric Draining
  1122 | D:2      | Slain by a gnoll

Skill      XL: |  1  2  3 |
---------------+----------+-----
Necromancy     | 5 |  5.3
Fighting       | |  0.3
Short Blades   | |  0.2
Armour         | |  0.4
Dodging        | |  2.2
Stealth        | |  2.7
Spellcasting   | |  3.9

Action                   || total
-------------------------++-------
Melee: Dagger            ||    47
 Cast: Animate Skeleton  ||    12
       Pain              ||    39
 Stab: Sleeping          ||     2
Armor: Robe              ||     4
       Leather armour    ||     2
Dodge: Dodged            ||    43
